 Dungeon Crawl Stone Soup version 0.32-a0-540-g866d13106e (webtiles) character file.

Game seed: 2117492380103774054

233902 holysushi the Nimble (level 19, 153/153 HPs)
             Began as a Gnoll Monk on Feb 18, 2024.
             Was a High Priest of Beogh.
             Quit the game on level 12 of the Dungeon on Feb 29, 2024.
             The game lasted 02:05:31 (64234 turns).

holysushi the Nimble (Gnoll Monk)                  Turns: 64234, Time: 02:05:31

Health: 153/153    AC: 14    Str: 25    XL:     19   Next: 13%
Magic:  36/36      EV: 24    Int: 25    God:    Beogh [*****.]
Gold:   1940       SH:  0    Dex: 22    Spells: 15/44 levels left

rFire   + . .        a - +10 dagger of Insufficient Pleasure {venom, Str+3}
rCold   + + .        T - orb {*channel}
rNeg    + . .        P - +2 robe {rC+}
rPois   +            S - +2 helmet {Int+3}
rElec   +            H - scarf {rC+ rF+}
rCorr   .            k - +2 pair of gloves
SInv    .            R - +0 pair of boots of Evolution {rN+ Int+3}
Will    +....        C - amulet of the Air {Inacc Air Fly rElec RMsl}
Stlth   ++++++       x - ring "Adwiejav" {Str+5 Int+6}
HPRegen 0.45/turn    Y - ring of Lust {rPois Str+6 Int+3}
MPRegen 0.25/turn

%: inaccuracy (-5), repel missiles, channel magic (20%)
@: flying
A: walk on water, fangs 1, strong nose, distributed training
}: 2/15 runes: barnacled, gossamer
a: Renounce Religion, Smiting, Recall Apostles, Blood for Blood, Dismiss Ugrim,
priest, Dismiss Wulfoc, priest, Dismiss Gorg, priest


You were on level 12 of the Dungeon.
You worshipped Beogh.
Beogh was extremely pleased with you.
You visited 6 branches of the dungeon, and saw 28 of its levels.
You also visited: Ice Cave.

You collected 3056 gold pieces.
You spent 1116 gold pieces at shops.

Inventory:

Hand Weapons
 a - the +10 dagger of Insufficient Pleasure (weapon) {venom, Str+3}
   (You found it on level 2 of the Dungeon)

   Str+3:     It affects your strength (+3).
 s - a +0 trishula of holy wrath
Missiles
 i - 4 throwing nets (quivered)
 l - 22 atropa-tipped darts
Armour
 k - a +2 pair of gloves (worn)
 y - a +1 cloak of preservation
 H - a scarf of resistance (worn)
 P - a +2 robe of cold resistance (worn)
 R - the +0 pair of boots of Evolution (worn) {rN+ Int+3}
   (You bought it in a shop on level 9 of the Dungeon)

   Int+3:     It affects your intelligence (+3).
   rN+:       It protects you from negative energy.
 S - a +2 helmet of intelligence (worn)
 T - an orb of energy (worn)
Jewellery
 x - the ring "Adwiejav" (left hand) {Str+5 Int+6}
   (You found it in an ice cave)

   [ring of intelligence]

   Str+5:     It affects your strength (+5).
   Int+6:     It affects your intelligence (+6).
 C - the amulet of the Air (around neck) {Inacc Air Fly rElec RMsl}
   (You found it on level 8 of the Dungeon)

   [amulet of nothing]

   Inacc:     It reduces the accuracy of your attacks and spells.
   Air:       It enhances your air magic.
   rElec:     It insulates you from electricity.
   Fly:       It grants you flight.
   RMsl:      It protects you from missiles.
 E - a ring of fire
 J - a ring of willpower
 O - a ring of magical power
 Y - the ring of Lust (right hand) {rPois Str+6 Int+3}
   (You found it on level 3 of the Lair of Beasts)

   [ring of strength]

   Str+6:     It affects your strength (+6).
   Int+3:     It affects your intelligence (+3).
   rPois:     It protects you from poison
Talismans
 e - a dragon-blood talisman
 G - a storm talisman
Wands
 b - a wand of digging (3)
 A - a wand of paralysis (2)
 I - a wand of acid (6)
 K - a wand of roots (2)
Scrolls
 d - 4 scrolls of fear
 g - 6 scrolls of amnesia
 j - 2 scrolls of revelation
 p - 2 scrolls of fog
 t - 3 scrolls of teleportation
 v - 3 scrolls of vulnerability
 B - 4 scrolls of enchant weapon
 L - 5 scrolls of immolation
 U - 2 scrolls of blinking
 W - a scroll of butterflies
 X - 7 scrolls of identify
Potions
 c - 17 potions of ambrosia
 f - 8 potions of mutation
 h - 4 potions of lignification
 n - 2 potions of resistance
 o - 3 potions of haste
 q - 3 potions of berserk rage
 r - 3 potions of curing
 u - 4 potions of might
 w - 7 potions of heal wounds
 z - a potion of enlightenment
 D - 3 potions of cancellation
 F - 3 potions of brilliance
 N - 4 potions of attraction
 Q - 3 potions of magic
 Z - a potion of invisibility
Miscellaneous
 m - a lightning rod (4/4)
 M - a sack of spiders (inert)


   Skills:
 + Level 14.7 Fighting
 + Level 14.7 Short Blades
 + Level 13.3 Long Blades
 + Level 13.3 Axes
 + Level 13.3 Maces & Flails
 + Level 13.3 Polearms
 + Level 13.3 Staves
 + Level 13.3 Ranged Weapons
 + Level 13.3 Throwing
 + Level 13.3 Armour
 + Level 14.7 Dodging
 + Level 13.3 Stealth
 + Level 13.3 Shields
 + Level 13.3 Unarmed Combat
 + Level 13.3 Spellcasting
 + Level 11.3 Conjurations
 + Level 11.3 Hexes
 + Level 11.3 Summonings
 + Level 11.3 Necromancy
 + Level 11.3 Translocations
 + Level 11.3 Fire Magic
 + Level 11.3 Ice Magic
 + Level 11.3 Air Magic
 + Level 11.3 Earth Magic
 + Level 11.3 Alchemy
 + Level 14.4 Invocations
 + Level 13.3 Evocations
 + Level 12.2 Shapeshifting


You had 15 spell levels left.
You knew the following spells:

 Your Spells              Type           Power      Damage    Failure   Level
a - Fireball              Conj/Fire      32%        3d14      4%          5
b - Airstrike             Air            41%        2d(6-22)  3%          4
c - Summon Lightning Spi  Summ/Air       83%        N/A       3%          4
d - Summon Blazeheart Go  Fire/Summ      65%        N/A       3%          4
e - Lee's Rapid Deconstr  Erth           32%        3d17*     4%          5
f - Apportation           Tloc           100%       N/A       1%          1
g - Sculpt Simulacrum     Ice/Alch       32%        N/A       16%         6

Your spell library contained the following spells:

 Spells                   Type           Power      Damage    Failure   Level
 Freeze                   Ice            100%       1d10      1%          1
 Kiss of Death            Conj/Necr      100%       2d13      1%          1
 Necrotise                Necr           100%       1d9       1%          1
 Sandblast                Erth           100%       2d20      1%          1
 Shock                    Conj/Air       100%       1d9       1%          1
 Sting                    Conj/Alch      100%       1d9       1%          1
 Summon Small Mammal      Summ           100%       N/A       1%          1
 Blink                    Tloc           100%       N/A       1%          2
 Call Imp                 Summ           100%       N/A       1%          2
 Jinxbite                 Hex            100%       N/A       1%          2
 Lesser Beckoning         Tloc           100%       N/A       1%          2
 Momentum Strike          Conj/Tloc      100%       3d10      1%          2
 Static Discharge         Conj/Air       100%       3-8/arc   1%          2
 Sublimation of Blood     Necr           65%        N/A       1%          2
 Confusing Touch          Hex            65%        N/A       1%          3
 Gell's Gravitas          Tloc           65%        N/A       1%          3
 Summon Ice Beast         Ice/Summ       65%        N/A       1%          3
 Teleport Other           Tloc           65%        N/A       1%          3
 Volatile Blastmotes      Fire/Tloc      100%       2d18      1%          3
 Animate Armour           Summ/Erth      100%       N/A       3%          4
 Brom's Barrelling Bould  Conj/Erth      65%        2d8       3%          4
 Cause Fear               Hex            32%        N/A       3%          4
 Dispel Undead            Necr           65%        3d22      3%          4
 Fulminant Prism          Conj/Alch      32%        3d16      3%          4
 Iskenderun's Mystic Bla  Conj/Tloc      65%        2d13      3%          4
 Manifold Assault         Tloc           65%        N/A       3%          4
 Passage of Golubria      Tloc           65%        N/A       3%          4
 Alistair's Intoxication  Alch           43%        N/A       4%          5
 Arcjolt                  Conj/Air       41%        1d51      4%          5
 Freezing Cloud           Conj/Ice/Air   41%        6-21      4%          5
 Iskenderun's Battlesphe  Conj           65%        2d11      4%          5
 Silence                  Hex/Air        41%        N/A       4%          5
 Summon Forest            Summ/Tloc      32%        N/A       4%          5
 Bombard                  Conj/Erth      32%        9d6       16%         6
 Dispersal                Tloc           32%        N/A       16%         6
 Eringya's Noxious Bog    Alch           32%        4d6       16%         6
 Orb of Destruction       Conj           32%        9d10      50%         7
 Ozocubu's Refrigeration  Ice            32%        4d14      50%         7
 Spellforged Servitor     Conj/Summ      32%        N/A       50%         7
 Summon Hydra             Summ           32%        N/A       50%         7
 Disjunction              Tloc           32%        N/A       98%         8
 Lehudib's Crystal Spear  Conj/Erth      32%        10d8      98%         8
 Dragon's Call            Summ           32%        N/A       100%        9
 Polar Vortex             Ice            32%        12d4*     100%        9
 Shatter                  Erth           32%        3d26*     100%        9


Dungeon Overview and Level Annotations

Branches:
Dungeon (13/15) Zot: 24798  Temple (1/1) D:4 Zot: 5998    Lair (5/5) D:8 Zot: 15793
 Shoals (4/4) Lair:2 Zot: 11169  Spider (4/4) Lair:3 Zot: 11589   Slime (0/5) Lair:4
    Orc (1/2) D:12 Zot: 5973  Vaults (0/5) D:13          IceCv (visited)

Altars:
Ashenzari
Cheibriados
Dithmenos
Elyvilon
Fedhas
Gozag
Hepliaklqana
Kikubaaqudgha
Makhleb
Nemelex Xobeh
Okawaru
Qazlal
Ru
Sif Muna
Trog
Uskayaw
Vehumet
Wu Jian
Xom
Yredelemnul
Zin
The Shining One

Shops:
D:2 :   D:5 *   D:6 [   D:8 :   D:9 [   D:11 [   Shoals:1 (   Shoals:3 ?

Portals:
Abyss: D:13

Annotations:
D:5 !Loot and 2headed oger
D:7 3 runed translucent doors, Lightli's ghost, novice CoCK
D:13 2 transporters, Testrisch's ghost, journeyman MiFi
Shoals:2 exclusion: downstairs


Innate Abilities, Weirdness & Mutations

You can walk on water.
Your facial features are unmistakably orcish.
You have very sharp teeth.
Your uncanny sense of smell can sniff out nearby items.
Your experience applies equally to all skills.


Message History

There is a stone staircase leading down, spattered with blood here.
You see here a howler monkey skeleton.
Welcome back, holysushi the Gnoll Monk.
Beogh says: Show the world what it means to be an orc!
Press ? for a list of commands and other information.
You see here a yak skeleton.
You see here a yak skeleton.
Things that are here:
a +0 leather armour; a +0 rapier
There is a stone staircase leading down here.
You fly downwards.
Level annotation: 2 transporters, Testrisch's ghost, journeyman MiFi
There is a stone staircase leading up here.
You fly upwards.
There is a stone staircase leading down here.
What level of the Orcish Mines? (default 1, ? - help)
You swap places.
You swap places.
Items here: ( )) [ ÷.
You see here a +0 ring mail.
There is a staircase to the Orcish Mines here.
Welcome back, holysushi the Gnoll Monk.
Beogh says: Show the world what it means to be an orc!
Welcome back, holysushi the Gnoll Monk.
Beogh says: Show the world what it means to be an orc!
Welcome back, holysushi the Gnoll Monk.
Beogh says: Show the world what it means to be an orc!
Welcome back, holysushi the Gnoll Monk.
Beogh says: Show the world what it means to be an orc!
Welcome back, holysushi the Gnoll Monk.
Beogh says: Show the world what it means to be an orc!
Welcome back, holysushi the Gnoll Monk.
Beogh says: Show the world what it means to be an orc!
Welcome back, holysushi the Gnoll Monk.
Beogh says: Show the world what it means to be an orc!
Welcome back, holysushi the Gnoll Monk.
Beogh says: Show the world what it means to be an orc!
Press ? for a list of commands and other information.
Okay, then.
Are you sure you want to abandon this character and quit the game? (Confirm with "yes".)

##♣~♣P~~~~♣♣♣....<..÷÷..[..[.....
.##.♣♣~~~~......[..#.###[#.....#.
.....♣♣♣P~#...#....#.#.o.#.....#.
####..^♣♣##......).###.#####.####
##.....<......[.###...#....##.
######.....).[.##..#.##..###.
##.###.......(....#....#.#...
#.....)........#.#..####..##.
#........#..@..#...## #....#.
##.#.......oo..###.#####.####
#.#........o..####..#.....#.
#.#...........##.##.#.....#.
#.#............#..#...o)....
#.#...........#.###o#.....#.
#...).........#...o.#.....#.
##.....>....#.###.#####.####
##...........#.#.#[#....)##


You could see the friendly Gorg the orc apostle, the friendly Ugrim the orc
apostle and the friendly Wulfoc the orc apostle.

Vanquished Creatures
  Nikola (Spider:1)
  Arachne (Spider:3)
  Agnes (Spider:3)
  Donald (Spider:2)
  A very ugly thing (IceCv)
  A broodmother (Spider:4)
  The ghost of Tacw the Black Belt, a journeyman MeSh of Nemelex Xobeh (Lair:3)
  An apis (Shoals:4)
  5 spark wasps
  9 merfolk impalers
  An ettin (D:13)
  A fire dragon (Lair:5)
  7 merfolk javelineers
  An entropy weaver (Spider:2)
  Fannar (D:10)
  3 merfolk avatars
  5 hydras
  5 boulder beetles
  10 merfolk aquamancers
  An alligator snapping turtle (Shoals:3)
  3 radroaches
  2 centaur warriors (D:12)
  A death knight (D:11)
  4 two-headed ogres
  2 satyrs (Shoals:4)
  4 demonic crawlers
  2 death yaks
  Sonja (D:10)
  3 skysharks
  A soul eater (D:11)
  A shadow wraith (D:13)
  A sixfirhy (D:11)
  2 pharaoh ants
  6 sea snakes
  Lodul (D:10)
  4 cherubim (Shoals:4)
  A flayed ghost (D:8)
  4 orb spiders
  A deep troll (D:13)
  2 arcanists
  A sun moth (Spider:1)
  5 steelbarb worms
  19 harpies
  2 lindwurms
  9 deep elf pyromancers
  2 orange crystal statues (IceCv)
  14 wolf spiders
  Maurice (D:12)
  11 manticores
  4 cyclopes
  3 meliai (D:12)
  2 fauns (Shoals:4)
  2 oklob plants (Lair:4)
  4 ugly things
  4 moths of wrath
  2 merfolk sirens (Shoals:1)
  19 elephants
  Joseph (D:7)
  2 torpor snails
  2 black mambas (Lair:5)
  6 water nymphs
  2 molten gargoyles (Lair:5)
  3 gargoyles
  12 cane toads
  10 komodo dragons
  An unseen horror (D:11)
  A kobold demonologist (D:11)
  Jeremiah (Lair:1)
  4 freezing wraiths (IceCv)
  4 rime drakes
  2 anaconda simulacra (IceCv)
  A polar bear (Lair:3)
  A queen bee (D:12)
  A red devil (D:11)
  A polar bear (shapeshifter) (D:13)
  A queen bee (shapeshifter) (D:12)
  5 wind drakes
  17 merfolk
  2 golden dragon simulacra (IceCv)
  5 trolls
  19 tarantellas
  An alligator simulacrum (IceCv)
  6 hornets
  37 blink frogs
  7 snapping turtles
  7 slime creatures
  A centaur simulacrum (D:12)
  15 culicivoras
  10 wraiths
  4 shadows
  20 jumping spiders
  56 yaks
  A dire elephant simulacrum (IceCv)
  10 water elementals
  A vampire (D:12)
  2 fire bats (D:8)
  8 basilisks
  10 wyverns
  7 vampire mosquitoes
  32 redbacks
  A harpy simulacrum (IceCv)
  A neqoxec (D:11)
  Duvessa (D:5)
  4 acid dragons
  3 hell hounds (Lair:5)
  A hydra simulacrum (IceCv)
  18 water moccasins
  A laughing skull (D:11)
  2 ettin simulacra (IceCv)
  An ice beast (D:6)
  3 black bears
  2 orc warriors (D:10)
  12 ogres
  7 wolves
  12 centaurs
  2 kobold brigands
  A weeping skull (D:3)
  17 bullfrogs
  5 scorpions
  3 gnoll sergeants
  11 wights
  Dowan (D:5)
  19 killer bees
  A lindwurm simulacrum (IceCv)
  4 howler monkeys
  14 electric eels
  2 bombardier beetles
  2 quasits (D:11)
  5 lava snakes (Lair:5)
  4 hounds
  A gnoll bouda (D:4)
  3 orc priests
  Terence (D:2)
  10 orc wizards
  2 iguanas
  Robin (D:2)
  14 gnolls
  9 adders
  2 white imps
  4 ufetubi
  2 dart slugs (D:1)
  A ribbon worm (D:5)
  22 orcs
  5 endoplasms
  6 giant cockroaches
  14 goblins
  14 hobgoblins
  5 jackals
  3 quokkas
  4 ball pythons
  17 bats
  A frilled lizard (D:1)
  18 kobolds
  2 rats (D:1)
  A spectral orc (D:3)
  A tentacle (Shoals:2)
869 creatures vanquished.

Vanquished Creatures (collateral kills)
  Polyphemus (Shoals:3)
  Frances (D:12)
  A kraken (Shoals:2)
  Aizul (Spider:1)
  An angel (Shoals:3)
  7 emperor scorpions
  A very ugly thing (IceCv)
  A broodmother (Spider:1)
  4 merfolk impalers (Shoals:3)
  A merfolk javelineer (Shoals:3)
  2 entropy weavers
  A caustic shrike simulacrum (IceCv)
  2 catoblepae
  A hydra (Lair:5)
  A jorogumo (Spider:4)
  A radroach (Spider:3)
  An alligator snapping turtle (Shoals:1)
  2 centaur warriors (D:13)
  A boulder beetle (D:11)
  A merfolk aquamancer (Shoals:3)
  3 death yaks
  5 demonic crawlers
  A holy swine (Shoals:4)
  2 pharaoh ants (Spider:3)
  A sea snake (Shoals:3)
  2 orb spiders (Spider:4)
  2 steelbarb worms (Spider:4)
  2 orc knights
  A harpy (Shoals:3)
  An oklob plant (Lair:4)
  2 manticores
  3 merfolk sirens
  2 fauns (Shoals:3)
  A moth of wrath (Spider:3)
  A cyclops (Shoals:4)
  An elephant (shapeshifter) (D:13)
  7 elephants
  A molten gargoyle (Lair:5)
  A smoke demon (D:11)
  3 torpor snails
  3 komodo dragons (Lair:5)
  2 rime drakes (Lair:4)
  3 trolls
  6 merfolk
  2 wind drakes (Shoals:3)
  3 tarantellas (Spider:1)
  A snapping turtle (Shoals:1)
  2 slime creatures (D:13)
  7 jumping spiders
  A wyvern (Lair:4)
  A water elemental (Shoals:3)
  4 culicivoras
  A wraith (D:13)
  5 yaks
  7 redbacks
  2 basilisks (Lair:4)
  A steam dragon (Lair:5)
  A warg (Orc:1)
  2 harpy simulacra (IceCv)
  A hydra simulacrum (IceCv)
  2 hell hounds (Lair:5)
  3 wolves (Lair:5)
  A centaur (D:13)
  A kobold brigand (D:10)
  A bullfrog (Lair:4)
  A lindwurm simulacrum (IceCv)
  6 killer bees (D:12)
  A howler monkey (D:11)
  3 orcs (Orc:1)
  2 kobolds (D:10)
  A tentacle (Shoals:2)
151 creatures vanquished.

Vanquished Creatures (others)
  A demonic crawler (Spider:2)
  6 orc apostles
  2 tarantellas (Spider:2)
  2 culicivoras (Spider:2)
  4 redbacks
  5 orcs (Orc:1)
  2 tentacles (Shoals:2)
22 creatures vanquished.

Grand Total: 1042 creatures vanquished

Notes
Turn   | Place    | Note
-------+----------+-------------------------------------------
     0 | D:1      | holysushi the Gnoll Monk began the quest for the Orb.
     0 | D:1      | Reached XP level 1. HP: 23/23 MP: 1/1
    71 | D:1      | Reached XP level 2. HP: 29/29 MP: 2/2
   171 | D:1      | Reached XP level 3. HP: 34/35 MP: 3/3
   332 | D:1      | Reached skill level 1 in Invocations
   370 | D:1      | Found a faded altar of an unknown god.
   396 | D:1      | Reached skill level 1 in Long Blades
   396 | D:1      | Reached skill level 1 in Axes
   396 | D:1      | Reached skill level 1 in Maces & Flails
   396 | D:1      | Reached skill level 1 in Polearms
   396 | D:1      | Reached skill level 1 in Staves
   396 | D:1      | Reached skill level 1 in Ranged Weapons
   396 | D:1      | Reached skill level 1 in Throwing
   396 | D:1      | Reached skill level 1 in Armour
   396 | D:1      | Reached skill level 1 in Stealth
   396 | D:1      | Reached skill level 1 in Shields
   396 | D:1      | Reached skill level 1 in Unarmed Combat
   396 | D:1      | Reached skill level 1 in Spellcasting
   396 | D:1      | Reached skill level 1 in Evocations
   671 | D:2      | Noticed Terence
   738 | D:2      | Found Qarovoy's Book Emporium.
   744 | D:2      | Reached skill level 1 in Shapeshifting
   744 | D:2      | Reached XP level 4. HP: 33/41 MP: 5/5
   880 | D:2      | Found a hazy altar of Hepliaklqana.
   964 | D:2      | Noticed Robin
  1035 | D:2      | Reached skill level 1 in Conjurations
  1035 | D:2      | Reached skill level 1 in Hexes
  1035 | D:2      | Reached skill level 1 in Summonings
  1035 | D:2      | Reached skill level 1 in Necromancy
  1035 | D:2      | Reached skill level 1 in Translocations
  1035 | D:2      | Reached skill level 1 in Fire Magic
  1035 | D:2      | Reached skill level 1 in Ice Magic
  1035 | D:2      | Reached skill level 1 in Air Magic
  1035 | D:2      | Reached skill level 1 in Earth Magic
  1035 | D:2      | Reached skill level 1 in Alchemy
  1091 | D:2      | Killed Robin
  1179 | D:2      | Identified the +10 dagger of Insufficient Pleasure {venom,
                  | Str+3}
  1243 | D:2      | Killed Terence
  1244 | D:2      | Reached XP level 5. HP: 39/47 MP: 5/7
  2311 | D:3      | Found a basalt altar of Yredelemnul.
  2311 | D:3      | Noticed a weeping skull
  2328 | D:3      | Killed a weeping skull
  2329 | D:3      | Reached XP level 6. HP: 47/53 MP: 8/8
  2932 | D:4      | Found an ancient bone altar of Kikubaaqudgha.
  3176 | D:4      | Found a snail-covered altar of Cheibriados.
  3176 | D:4      | Found a hazy altar of Hepliaklqana.
  3182 | D:4      | Found a staircase to the Ecumenical Temple.
  3194 | Temple   | Entered the Ecumenical Temple
  3368 | D:5      | Entered Level 5 of the Dungeon
  3378 | D:5      | Reached XP level 7. HP: 60/60 MP: 10/10
  3442 | D:5      | Found a sacrificial altar of Ru.
  3597 | D:5      | Noticed Duvessa
  3597 | D:5      | Noticed Dowan
  3609 | D:5      | Killed Duvessa
  3611 | D:5      | Killed Dowan
  3761 | D:5      | Noticed a two-headed ogre
  4074 | D:5      | Found Seuplaosch's General Store.
  4080 | D:5      | Bought a potion of haste for 100 gold pieces
  4080 | D:5      | Bought a scroll of teleportation for 30 gold pieces
  4080 | D:5      | Bought a scroll of teleportation for 30 gold pieces
  4080 | D:5      | Bought a scroll of identify for 20 gold pieces
  4243 | D:6      | Found Ijegh's Antique Armour Emporium.
  4250 | D:6      | Bought a pair of boots for 90 gold pieces
  4332 | D:6      | Reached XP level 8. HP: 55/67 MP: 12/12
  4695 | D:6      | Noticed a cyclops
  4865 | D:6      | Reached XP level 9. HP: 35/73 MP: 14/14
  5427 | D:7      | Found a runed translucent gate.
  5428 | D:7      | Found a runed translucent gate.
  5428 | D:7      | Found a runed translucent gate.
  5432 | D:7      | Noticed Lightli's ghost (novice CoCK)
  5536 | D:7      | Found the +7 Throatcutter {drain, coup de grace}
  6298 | D:7      | Reached skill level 5 in Invocations
  6566 | D:7      | Noticed Joseph
  6586 | D:7      | Killed Joseph
  6970 | D:8      | Reached skill level 5 in Long Blades
  6970 | D:8      | Reached skill level 5 in Axes
  6970 | D:8      | Reached skill level 5 in Maces & Flails
  6970 | D:8      | Reached skill level 5 in Polearms
  6970 | D:8      | Reached skill level 5 in Staves
  6970 | D:8      | Reached skill level 5 in Ranged Weapons
  6970 | D:8      | Reached skill level 5 in Throwing
  6970 | D:8      | Reached skill level 5 in Armour
  6970 | D:8      | Reached skill level 5 in Stealth
  6970 | D:8      | Reached skill level 5 in Shields
  6970 | D:8      | Reached skill level 5 in Unarmed Combat
  6970 | D:8      | Reached skill level 5 in Spellcasting
  6970 | D:8      | Reached skill level 5 in Evocations
  6970 | D:8      | Reached XP level 10. HP: 58/81 MP: 17/17
  7100 | D:8      | Found a staircase to the Lair.
  7100 | D:8      | Noticed an elephant
  7916 | D:8      | Found Riutriaxke's Book Shoppe.
  7935 | D:8      | Found a shimmering altar of Xom.
  8398 | D:8      | Found a runed translucent door.
  8416 | D:8      | Noticed a flayed ghost
  8416 | D:8      | Found the amulet of the Air {Inacc Air Fly rElec RMsl}
  8417 | D:8      | Found an ornate altar of the Wu Jian Council.
  8505 | D:8      | Found an opulent altar of Gozag.
  8516 | D:8      | Found a white marble altar of Elyvilon.
  8595 | D:8      | Reached skill level 5 in Shapeshifting
  8613 | D:8      | Found a shimmering blue altar of Sif Muna.
  8622 | D:8      | Found a white marble altar of Elyvilon.
  8640 | D:8      | Killed a flayed ghost
  8646 | D:8      | Got the Elucidation of the Plutonic Bonfire
  8846 | D:8      | Found a shimmering blue altar of Sif Muna.
  9577 | D:7      | Killed an elephant
  9741 | D:8      | Found a hide-covered altar of Uskayaw.
 10315 | D:9      | Identified the +2 ring mail "Zoagodd" {+Inv Str-3 Dex+5}
 10328 | D:8      | Reached skill level 5 in Conjurations
 10328 | D:8      | Reached skill level 5 in Hexes
 10328 | D:8      | Reached skill level 5 in Summonings
 10328 | D:8      | Reached skill level 5 in Necromancy
 10328 | D:8      | Reached skill level 5 in Translocations
 10328 | D:8      | Reached skill level 5 in Fire Magic
 10328 | D:8      | Reached skill level 5 in Ice Magic
 10328 | D:8      | Reached skill level 5 in Air Magic
 10328 | D:8      | Reached skill level 5 in Earth Magic
 10328 | D:8      | Reached skill level 5 in Alchemy
 10408 | D:8      | Reached XP level 11. HP: 71/89 MP: 20/20
 10553 | D:9      | Noticed a two-headed ogre
 10558 | D:9      | Noticed a two-headed ogre
 10775 | D:8      | Killed a two-headed ogre
 10793 | D:8      | Killed a two-headed ogre
 10916 | D:9      | Found Ledd's Antique Armour Shop.
 10923 | D:9      | Found a blossoming altar of Fedhas.
 11001 | D:9      | Found a white marble altar of Elyvilon.
 11018 | D:9      | Learned a level 5 spell: Fireball
 11336 | D:9      | Found Ledd's Antique Armour Shop.
 11354 | D:9      | Found a blossoming altar of Fedhas.
 11402 | D:9      | Found a white marble altar of Elyvilon.
 11559 | D:10     | Entered Level 10 of the Dungeon
 11561 | D:10     | Noticed Lodul
 11616 | D:8      | Found a staircase to the Lair.
 11671 | D:8      | Found an ornate altar of the Wu Jian Council.
 11681 | D:8      | Found a shimmering blue altar of Sif Muna.
 11701 | D:8      | Found a shimmering blue altar of Sif Muna.
 11704 | D:8      | Found a white marble altar of Elyvilon.
 11736 | D:8      | Found an opulent altar of Gozag.
 11742 | D:8      | Found a white marble altar of Elyvilon.
 11922 | D:8      | Found a hide-covered altar of Uskayaw.
 11987 | D:8      | Found Riutriaxke's Book Shoppe.
 12006 | D:8      | Found a shimmering altar of Xom.
 12314 | D:10     | Found a radiant altar of Vehumet.
 12334 | D:10     | Noticed Fannar
 12351 | D:10     | Killed Fannar
 13682 | D:10     | Killed Lodul
 13904 | D:9      | Bought a pair of dazzling boots for 256 gold pieces
 13904 | D:9      | Identified the +0 pair of boots of Evolution {rN+ Int+3}
                  | (You bought it in a shop on level 9 of the Dungeon)
 14045 | D:2      | Bought a book of Storms for 286 gold pieces
 14051 | D:2      | Learned a level 4 spell: Airstrike
 14119 | D:5      | Bought a +0 cloak of preservation for 115 gold pieces
 14189 | D:5      | Killed a two-headed ogre
 14192 | D:5      | Identified the +4 mace of Riwemueq {venom, rElec rF+ rC-}
 14381 | D:6      | Killed a cyclops
 14548 | Lair:1   | Entered Level 1 of the Lair of Beasts
 15021 | Lair:1   | Reached XP level 12. HP: 97/97 MP: 10/22
 15819 | Lair:1   | Noticed Jeremiah
 15821 | Lair:1   | Killed Jeremiah
 16055 | Lair:1   | Reached skill level 10 in Fighting
 16055 | Lair:1   | Reached skill level 10 in Short Blades
 16055 | Lair:1   | Reached skill level 10 in Dodging
 16934 | Lair:2   | Found a staircase to the Shoals.
 17621 | Lair:2   | Noticed a five-headed hydra
 17630 | Lair:2   | Killed a five-headed hydra
 17690 | Lair:2   | Learned a level 5 spell: Lee's Rapid Deconstruction
 17734 | Lair:2   | Noticed a skyshark
 17739 | Lair:2   | Killed a skyshark
 18407 | Lair:3   | Reached XP level 13. HP: 104/104 MP: 25/25
 18422 | Lair:3   | Found a large runed translucent door.
 18422 | Lair:3   | Found a large runed translucent door.
 18426 | Lair:3   | Noticed Tacw's ghost (journeyman MeSh)
 19388 | Lair:3   | Learned a level 4 spell: Summon Blazeheart Golem
 19393 | Lair:3   | Learned a level 4 spell: Summon Lightning Spire
 19835 | Lair:3   | Found a hole to the Spider Nest.
 20505 | Lair:3   | Killed Tacw's ghost
 20654 | Lair:3   | Identified the ring of Lust {rPois Str+6 Int+3}
 21199 | Lair:4   | Found a snail-covered altar of Cheibriados.
 21310 | Lair:4   | You are sucked into a shaft and drop 1 floor!
 21310 | Lair:5   | Entered Level 5 of the Lair of Beasts
 21713 | Lair:3   | Paralysed by a hornet for 3 turns
 22785 | Lair:3   | Reached XP level 14. HP: 108/113 MP: 23/27
 22786 | Lair:3   | Reached skill level 10 in Invocations
 22901 | Lair:4   | Found a staircase to the Slime Pits.
 23667 | D:10     | Noticed Sonja
 23670 | D:10     | Killed Sonja
 24692 | D:11     | Found Hocaerr's Armour Shoppe.
 25527 | D:12     | Noticed Maurice
 25530 | D:12     | Killed Maurice
 25755 | D:12     | Noticed Frances
 26556 | D:11     | Became a worshipper of Beogh the Shepherd
 26556 | D:11     | Reached * piety under Beogh
 26556 | D:11     | Reached ** piety under Beogh
 28368 | Lair:5   | Reached skill level 10 in Long Blades
 28368 | Lair:5   | Reached skill level 10 in Axes
 28368 | Lair:5   | Reached skill level 10 in Maces & Flails
 28368 | Lair:5   | Reached skill level 10 in Polearms
 28368 | Lair:5   | Reached skill level 10 in Staves
 28368 | Lair:5   | Reached skill level 10 in Ranged Weapons
 28368 | Lair:5   | Reached skill level 10 in Throwing
 28368 | Lair:5   | Reached skill level 10 in Armour
 28368 | Lair:5   | Reached skill level 10 in Stealth
 28368 | Lair:5   | Reached skill level 10 in Shields
 28368 | Lair:5   | Reached skill level 10 in Unarmed Combat
 28368 | Lair:5   | Reached skill level 10 in Spellcasting
 28368 | Lair:5   | Reached skill level 10 in Evocations
 28986 | Lair:5   | Reached XP level 15. HP: 116/120 MP: 25/29
 29482 | Lair:5   | Reached *** piety under Beogh
 29507 | Lair:5   | Anointed Ogrik the priest as your apostle
 30912 | Lair:5   | Found a large runed translucent door.
 30912 | Lair:5   | Found a large runed translucent door.
 30927 | Lair:5   | Found a large runed translucent door.
 30927 | Lair:5   | Found a large runed translucent door.
 31880 | Lair:5   | Your ally Ogrik died
 32850 | D:11     | Anointed Bogdan the priest as your apostle
 33388 | D:12     | Identified the +1 robe of the Dropbear {Int+7}
 33411 | D:12     | Reached **** piety under Beogh
 34472 | D:12     | Found a staircase to the Orcish Mines.
 34478 | D:12     | Identified the +1 hand axe "Ockouwka" {freeze, rPois rC-
                  | MP+9 Int-2}
 34580 | D:12     | Identified the ring "Aseapra" {rCorr Stlth+}
 34936 | D:12     | Anointed Borgk the warrior as your apostle
 35179 | D:12     | Your ally Borgk died
 35181 | D:12     | Killed Frances
 35293 | D:12     | Reached ***** piety under Beogh
 35467 | D:12     | Identified the +0 hat of the Wheelwright {rPois Dex+3}
 36045 | D:13     | Reached skill level 10 in Shapeshifting
 36342 | D:13     | Found a transporter.
 36342 | D:13     | Found a transporter.
 36342 | D:13     | Found a one-way gate to the infinite horrors of the Abyss.
 36570 | D:13     | Noticed Testrisch's ghost (journeyman MiFi)
 36592 | D:13     | Reached XP level 16. HP: 118/129 MP: 30/30
 37453 | D:13     | Found a gate to the Vaults.
 37620 | Orc:1    | Entered Level 1 of the Orcish Mines
 37682 | Orc:1    | Your ally Ogrik died
 37954 | Spider:1 | Entered Level 1 of the Spider Nest
 38184 | Spider:1 | Identified the serpent talisman of Theory {*Corrode Int+3
                  | Dex+2}
 38184 | Spider:1 | Noticed Aizul
 38207 | Spider:1 | Killed Aizul
 39309 | Spider:1 | Your ally Borgk died
 39806 | Spider:2 | Noticed Donald
 39813 | Spider:2 | Killed Donald
 40099 | Spider:2 | Noticed Nikola
 40617 | Spider:1 | Anointed Ugrim the priest as your apostle
 40845 | Spider:1 | Your ally Ugrim died
 40845 | Spider:1 | Your ally Bogdan died
 40847 | Spider:1 | Killed Nikola
 43278 | Spider:3 | Noticed Agnes
 43281 | Spider:3 | Killed Agnes
 43300 | Spider:3 | Reached XP level 17. HP: 137/137 MP: 16/32
 43355 | Spider:3 | Found a glacial archway.
 43433 | IceCv    | Entered an ice cave
 43677 | IceCv    | Identified the +0 ice dragon scales "Eselac" {Harm rF- rC++
                  | Str+3}
 43688 | IceCv    | Reached skill level 10 in Conjurations
 43688 | IceCv    | Reached skill level 10 in Hexes
 43688 | IceCv    | Reached skill level 10 in Summonings
 43688 | IceCv    | Reached skill level 10 in Necromancy
 43688 | IceCv    | Reached skill level 10 in Translocations
 43688 | IceCv    | Reached skill level 10 in Fire Magic
 43688 | IceCv    | Reached skill level 10 in Ice Magic
 43688 | IceCv    | Reached skill level 10 in Air Magic
 43688 | IceCv    | Reached skill level 10 in Earth Magic
 43688 | IceCv    | Reached skill level 10 in Alchemy
 43931 | IceCv    | Got the Compendium of the Glacier
 43932 | IceCv    | Identified the ring "Adwiejav" {Str+5 Int+6}
 44441 | Spider:3 | Noticed Arachne
 45087 | Spider:3 | Killed Arachne
 46643 | Spider:4 | Entered Level 4 of the Spider Nest
 48018 | Spider:4 | Learned a level 1 spell: Apportation
 48107 | Spider:4 | Learned a level 6 spell: Sculpt Simulacrum
 48828 | Spider:4 | Identified the +1 hat "Muolydgha" {Str+7 Int-2}
 48916 | Spider:4 | Got a gossamer rune of Zot
 49251 | Spider:3 | Anointed Wulfoc the priest as your apostle
 51082 | Shoals:1 | Entered Level 1 of the Shoals
 52350 | Shoals:1 | Upgraded the game from 0.32-a0-361-g289a535e89 to
                  | 0.32-a0-391-gce5c0aab1b
 52407 | Shoals:1 | Found Fachoegoi's Antique Weapon Boutique.
 52427 | Shoals:1 | Identified the +0 ring mail of Starshine {rC- rN+ Will+}
 52675 | Shoals:1 | Reached XP level 18. HP: 146/146 MP: 17/34
 55009 | Shoals:3 | Found Izudie's Magic Scroll Emporium.
 55200 | Shoals:3 | Reached ****** piety under Beogh
 56287 | Shoals:3 | Bought a scroll of teleportation for 42 gold pieces
 56287 | Shoals:3 | Bought a scroll of revelation for 105 gold pieces
 56287 | Shoals:3 | Bought a scroll of teleportation for 42 gold pieces
 56649 | Shoals:4 | Entered Level 4 of the Shoals
 57025 | Shoals:4 | Noticed Polyphemus
 57057 | Shoals:3 | Killed Polyphemus
 57913 | Shoals:4 | Found a glowing silver altar of Zin.
 58634 | Shoals:4 | Found a white marble altar of Elyvilon.
 58683 | Shoals:3 | Anointed Gorg the priest as your apostle
 59701 | Shoals:3 | Found Izudie's Magic Scroll Emporium.
 60250 | Shoals:3 | Found Izudie's Magic Scroll Emporium.
 60828 | Shoals:4 | Identified the +0 fire dragon scales of the Okapi {+Blink
                  | Fly rF++ rC- Int+2 Dex+3}
 61917 | Shoals:4 | Reached XP level 19. HP: 101/153 MP: 4/36
 63135 | Shoals:4 | Found a glowing golden altar of the Shining One.
 63685 | Shoals:4 | Got a barnacled rune of Zot
 63753 | Shoals:4 | Got the Secrets of Fumes
 64227 | D:12     | Upgraded the game from 0.32-a0-391-gce5c0aab1b to
                  | 0.32-a0-540-g866d13106e
 64234 | D:12     | Quit the game

Illustrated notes

Levels and vault maps discovered:
D:1:      arrival_zaba_pyramid, layout_basic, chequers_ecumenical_altar_island
D:2:      layout_basic, serial_shops, shop, basic_altar, serial_curves,
          eino_curves_02, eino_curves_03, uniq_terence, uniq_robin
D:3:      layout_loops_ring, yredelemnul_forgotten_temple_becter
D:4:      layout_rooms, chequers_temple_overflow_statue_of_worship,
          minmay_temple_entry_antechambers
D:5:      minmay_chambers_of_fours, layout_loops_ring,
          nicolae_ru_great_annihilating_truth, serial_shops,
          nicolae_shop_back_alley_shop, uniq_duvessa
D:6:      layout_loops_ring, serial_shops, nicolae_diamond_shop, grunt_potential
D:7:      layout_loops_corners, gammafunk_ghost_split, st_stairs_4,
          ebering_dispersal_statue_hall, minmay_misc_feat_four_crosses,
          nicolae_benzene_ring, kennysheep_generic_room_12, uniq_joseph
D:8:      due_megacathedral, layout_gridville, kennysheep_mini_moat,
          regret_index_xom_buried_treasure, david_lair_generic, serial_shops,
          shop
D:9:      layout_cave_pools, mainiacjoe_overflow_concentric_impassable,
          mainiacjoe_overflow_boulevard, serial_shops, shop
D:10:     layout_cross, kennysheep_mini, uniq_sonja, uniq_lodul, uniq_fannar
D:11:     layout_basic, serial_demonic, serial_demonic_a, serial_demonic_b,
          serial_demonic_g, serial_demonic_c, serial_shops,
          nicolae_take_the_stairs
D:12:     minmay_the_grid_square_5x5_5x5 [minmay_the_grid_square_5x5_three,
          minmay_the_grid_square_5x5_longway,
          minmay_the_grid_square_5x5_hollow_slash,
          minmay_the_grid_square_5x5_forky, minmay_the_grid_square_5x5_inset,
          minmay_the_grid_square_5x5_comb,
          minmay_the_grid_square_5x5_prize_open,
          minmay_the_grid_square_5x5_beaten_path,
          minmay_the_grid_square_5x5_prize_open,
          minmay_the_grid_square_5x5_shrine1,
          minmay_the_grid_square_5x5_doubleslash,
          minmay_the_grid_square_5x5_tie, minmay_the_grid_square_5x5_prize_open,
          minmay_the_grid_square_5x5_bridge,
          minmay_the_grid_square_5x5_inverted_slash,
          minmay_the_grid_square_5x5_v, minmay_the_grid_square_5x5_prize_open,
          minmay_the_grid_square_5x5_moneybag,
          minmay_the_grid_square_5x5_prize_open,
          minmay_the_grid_square_5x5_minimal,
          minmay_the_grid_square_5x5_shuriken,
          minmay_the_grid_square_5x5_detours, minmay_the_grid_square_5x5_seven,
          minmay_the_grid_square_5x5_bite, minmay_the_grid_square_5x5_plus],
          layout_cave_pools, david_orc_3, special_room [special_room_bee],
          serial_bayou_lake_a, uniq_maurice, uniq_frances
D:13:     layout_roguey, david_vaults_4, gammafunk_ghost_abyssal_escape,
          kennysheep_decorative_pillar
Temple:   nicolae_temple_ecumenical_triangle
Lair:1:   layout_chaotic_city, serial_bayou_lagoon_b, uniq_jeremiah
Lair:2:   layout_misc_corridors, elwin_shoals_entry_rocks, minivault_23
Lair:3:   layout_concentric_octagons, spider_nest_entry_a,
          ebering_ghost_disaster_area, beast_lair_carwin_10,
          infiniplex_staircase_pool_2
Lair:4:   regret_index_malice_mire, layout_cellular_growth,
          minmay_slime_entry_oklob_open, lemuel_altar_in_water2,
          dreamdust_wasp_nest, grunt_megastairs_4, infiniplex_staircase_pool
Lair:5:   cheibrodos_lair_end_hotspot, layout_long_grid, nicolae_lair_yak_garden
Shoals:1: layout_shoals, serial_shops, nicolae_shop_pleasant_corner_grove
Shoals:2: layout_shoals, nicolae_shoals_lost_giant_pillars
Shoals:3: layout_shoals, serial_shops, shop
Shoals:4: shoals_end_hellmonk_holy_island, uniq_polyphemus
Spider:1: layout_cave_pods, nicolae_spider_wall_of_niches, uniq_aizul
Spider:2: layout_spider_delve, hangedman_spider_tarantella_strand, uniq_donald,
          uniq_nikola
Spider:3: layout_cave_pods, portal_ice_cave_entry_pillars_1,
          nicolae_spider_circle_web, uniq_agnes, uniq_arachne
Spider:4: grunt_spider_rune_circles, hellmonk_spider_spawner
Orc:1:    layout_caves

Skill      XL: |  1  2  3  4  5  6  7  8  9 10 11 12 13 14 15 16 17 18 |
---------------+-------------------------------------------------------+-----
Invocations    | 1 2 3 4 5 6 7 8 9 10 11 12 13 14 | 14.4
Long Blades    | 1 2 3 5 6 7 8 9 10 11 12 13 | 13.3
Axes           | 1 2 3 5 6 7 8 9 10 11 12 13 | 13.3
Maces & Flails | 1 2 3 5 6 7 8 9 10 11 12 13 | 13.3
Polearms       | 1 2 3 5 6 7 8 9 10 11 12 13 | 13.3
Staves         | 1 2 3 5 6 7 8 9 10 11 12 13 | 13.3
Ranged Weapons | 1 2 3 5 6 7 8 9 10 11 12 13 | 13.3
Throwing       | 1 2 3 5 6 7 8 9 10 11 12 13 | 13.3
Armour         | 1 2 3 5 6 7 8 9 10 11 12 13 | 13.3
Stealth        | 1 2 3 5 6 7 8 9 10 11 12 13 | 13.3
Shields        | 1 2 3 5 6 7 8 9 10 11 12 13 | 13.3
Unarmed Combat | 1 2 3 5 6 7 8 9 10 11 12 13 | 13.3
Spellcasting   | 1 2 3 5 6 7 8 9 10 11 12 13 | 13.3
Evocations     | 1 2 3 5 6 7 8 9 10 11 12 13 | 13.3
Shapeshifting  | 1 2 3 4 5 6 7 8 9 10 11 12 | 12.2
Conjurations   | 1 2 3 4 5 6 7 8 9 10 11 | 11.3
Hexes          | 1 2 3 4 5 6 7 8 9 10 11 | 11.3
Summonings     | 1 2 3 4 5 6 7 8 9 10 11 | 11.3
Necromancy     | 1 2 3 4 5 6 7 8 9 10 11 | 11.3
Translocations | 1 2 3 4 5 6 7 8 9 10 11 | 11.3
Fire Magic     | 1 2 3 4 5 6 7 8 9 10 11 | 11.3
Ice Magic      | 1 2 3 4 5 6 7 8 9 10 11 | 11.3
Air Magic      | 1 2 3 4 5 6 7 8 9 10 11 | 11.3
Earth Magic    | 1 2 3 4 5 6 7 8 9 10 11 | 11.3
Alchemy        | 1 2 3 4 5 6 7 8 9 10 11 | 11.3
Fighting       | 7 8 9 10 11 12 13 14 | 14.7
Short Blades   | 7 8 9 10 11 12 13 14 | 14.7
Dodging        | 7 8 9 10 11 12 13 14 | 14.7

Action                     |  1- 3 |  4- 6 |  7- 9 | 10-12 | 13-15 | 16-18 | 19-21 || total
---------------------------+-------+-------+-------+-------+-------+-------+-------++-------
  Melee: Short sword       |    87 |    51 |       |       |       |       |       ||   138
         Bite              |    12 |    18 |    23 |    83 |    95 |    71 |     1 ||   303
         Dagger            |       |   102 |   170 |   616 |   588 |   430 |    10 ||  1916
         Long sword        |       |       |    31 |     6 |       |       |       ||    37
   Cast: Airstrike         |       |       |       |    86 |   464 |   573 |    56 ||  1179
         Fireball          |       |       |       |     3 |     9 |    61 |     3 ||    76
         Summon Lightning  |       |       |       |       |    51 |    68 |     1 ||   120
         Lee's Rapid Decon |       |       |       |       |    17 |    22 |       ||    39
         Summon Blazeheart |       |       |       |       |     3 |     3 |       ||     6
         Sculpt Simulacrum |       |       |       |       |       |    21 |     2 ||    23
 Invoke: Convert to Beogh  |       |       |       |       |     1 |       |       ||     1
         Recall Apostles   |       |       |       |       |     8 |    16 |     1 ||    25
         Recruit Apostle   |       |       |       |       |     3 |     3 |       ||     6
         Smiting           |       |       |       |       |       |    15 |       ||    15
         Dismiss Apostle   |       |       |       |       |       |     3 |       ||     3
  Evoke: Wand              |       |       |       |    14 |     5 |    16 |       ||    35
         Lightning rod     |       |       |       |       |       |     8 |       ||     8
         Sack of spiders   |       |       |       |       |       |     4 |       ||     4
    Use: Scroll            |       |       |    10 |    12 |    12 |    11 |       ||    45
         Potion            |       |       |       |     3 |     1 |     2 |     1 ||     7
   Stab: Sleeping          |       |     1 |     3 |     9 |     5 |     7 |       ||    25
         Paralysed         |       |       |     1 |     2 |     2 |       |       ||     5
         Distracted        |       |       |       |       |    12 |    14 |     1 ||    27
 Armour: Robe              |    25 |    43 |    89 |   297 |   379 |   452 |    20 ||  1305
  Dodge: Dodged            |    55 |    95 |   138 |   394 |   573 |   775 |    44 ||  2074
         Repelled          |       |       |       |       |     7 |     7 |     1 ||    15

Table legend: (Time is in decaauts)
 A = Elapsed time spent in this place.
 B = Non-inter-level travel time spent in this place.
 C = Inter-level travel time spent in this place.
 D = Time resting spent in this place.
 E = Time spent auto-exploring this place.
 F = Levels seen in this place.
 G = Mean time per level.
                   A        B        C        D        E       F      G
               +--------+--------+--------+--------+--------+-----+--------+
         Total |  63516 |  60603 |   2913 |  28686 |  20147 |  29 | 2190.2 |
       Dungeon |  23492 |  21918 |   1574 |   8775 |   8955 |  13 | 1807.1 |
        Temple |      1 |      1 |      0 |      0 |      0 |   1 |    1.0 |
          Lair |  14206 |  13516 |    690 |   6294 |   4707 |   5 | 2841.2 |
        Shoals |  12831 |  12580 |    251 |   6857 |   3007 |   4 | 3207.8 |
   Spider Nest |  12410 |  12013 |    397 |   6420 |   3478 |   4 | 3102.5 |
  Orcish Mines |     26 |     26 |      0 |      0 |      0 |   1 |   26.0 |
      Ice Cave |    547 |    547 |      0 |    338 |      0 |   1 |  547.0 |
               +--------+--------+--------+--------+--------+-----+--------+

Top non-repeatable levels by time:
Shoals:3: 6144 daAuts
     D:8: 4704 daAuts
Spider:1: 4314 daAuts
    D:11: 3980 daAuts
  Lair:5: 3913 daAuts
Spider:3: 3867 daAuts
  Lair:4: 3557 daAuts
  Lair:3: 2668 daAuts
Shoals:4: 2474 daAuts
  Lair:1: 2358 daAuts
    D:12: 2172 daAuts
Shoals:1: 2166 daAuts
Spider:4: 2134 daAuts
Spider:2: 2093 daAuts
Shoals:2: 2045 daAuts
